 Dungeon Crawl Stone Soup version 0.30-a0-737-gf23d94013f (webtiles) character file.

Game seed: 13524195365814667684

112 Atelerd the Digger (level 4, 0/27 HPs)
             Began as an Octopode Earth Elementalist on Feb 2, 2023.
             Was an Initiate of Sif Muna.
             Slain by an orc
             ... wielding a +0 club
              (1 damage)
             ... on level 3 of the Dungeon.
             The game lasted 00:01:46 (2431 turns).

Atelerd the Digger (Octopode Earth Elementalist)    Turns: 2431, Time: 00:01:47

Health: 0/27       AC:  1    Str:  7    XL:     4   Next: 95%
Magic:  5/8        EV: 13    Int: 17    God:    Sif Muna [......]
Gold:   94         SH:  0    Dex: 14    Spells: 8/9 levels left

rFire   . . .      SeeInvis .    b - +0 dagger
rCold   . . .      Faith    .    (no shield)
rNeg    + . .      Spirit   .    (helmet restricted)
rPois   +          Reflect  .    (no amulet)
rElec   .          Harm     .    i - ring of positive energy
rCorr   .          Rampage  .    (no ring)
Will    .....      Rnd*Tele +    (no ring)
Stlth   +++                      (no ring)
HPRegen 0.24/turn                (no ring)
MPRegen 0.11/turn                (no ring)
                                 (no ring)
                                 (no ring)

@: brilliant
A: almost no armour, amphibious, 8 rings, camouflage 1, gelatinous body 1,
(nimble swimmer 1), tentacles, poison resistance, teleportitis 1, no potion heal
1
a: Renounce Religion


You were on level 3 of the Dungeon.
You worshipped Sif Muna.
Sif Muna was noncommittal.
You visited 1 branch of the dungeon, and saw 3 of its levels.

You collected 94 gold pieces.

Inventory:

Hand Weapons
 b - a +0 dagger (weapon)
Jewellery
 i - a ring of positive energy (left tentacle)
Scrolls
 c - 3 scrolls of identify {unknown}
 d - 2 scrolls of fear {unknown}
 e - a scroll of enchant weapon {unknown}
 g - a scroll of silence {unknown}
Potions
 a - a potion of magic
 h - a potion of cancellation {unknown}
 j - a potion of curing


   Skills:
 - Level 2.0 Dodging
 - Level 2.6 Stealth
 + Level 3.1 Spellcasting
 + Level 2.3 Transmutations
 + Level 4.0 Earth Magic


You had 8 spell levels left.
You knew the following spells:

 Your Spells              Type           Power      Damage    Failure   Level
a - Sandblast             Erth           48%        2d12      3%          1

Your spell library contained the following spells:

 Spells                   Type           Power      Damage    Failure   Level
 Passwall                 Tmut/Erth      16%        N/A       7%          2
 Shock                    Conj/Air       16%        1d4       17%         1
 Stone Arrow              Conj/Erth      28%        3d8       22%         3
 Petrify                  Tmut/Erth      20%        N/A       41%         4
 Ozocubu's Armour         Ice            4%         N/A       45%         3
 Swiftness                Air            4%         N/A       45%         3
 Airstrike                Air            2%         2d(1-17)  86%         4
 Metabolic Englaciation   Hex/Ice        2%         N/A       99%         5
 Simulacrum               Ice/Necr       2%         N/A       100%        6


Dungeon Overview and Level Annotations

Branches:
Dungeon (3/15)

Altars:
Sif Muna
Uskayaw
Vehumet


Innate Abilities, Weirdness & Mutations

You cannot wear most types of armour.
You are amphibious.
You can wear up to eight rings at the same time.
Your skin changes colour to match your surroundings (Stealth+).
Your rubbery body absorbs attacks. (AC +1, EV +1)
((You are camouflaged when in or above water. (Stealth+)))
You have tentacles for arms and can constrict up to eight enemies at once.
Your system is resistant to poisons. (rPois)
You are occasionally teleported next to monsters.
Potions are less effective at restoring your health.


Message History

The orc priest mumbles some strange prayers to Beogh against you.
Pain shoots through your body!
The blast of sand hits the orc priest.
The orc priest is lightly wounded.
A ball python comes into view.
The blast of sand hits the orc priest.
The orc priest is heavily wounded.
The orc priest calls down the wrath of Beogh upon you.
Pain shoots through your body!
A scorpion comes into view.
The blast of sand hits the orc priest.
The orc priest is almost dead.
The orc priest closely misses you. The orc closely misses you.
The orc priest hits you with a +0 hand axe.
The orc completely misses you.
The blast of sand hits the orc priest!
You kill the orc priest!
Sif Muna accepts your kill. The orc hits you with a +0 mace.
The orc closely misses you.
Your Earth Magic skill increases to level 4!
Okay, then.
Unknown command.
The orc attacks as you move away! The orc misses you.
There is a stone staircase leading up here.
The orc hits you with a +0 mace.
* * * LOW HITPOINT WARNING * * *
The orc attacks as you move away! The orc hits you with a +0 mace.
* * * LOW HITPOINT WARNING * * *
It was a potion of mutation.
You feel extremely strange.
Your system partially rejects the healing effects of potions.
You feel weirdly uncertain.
You feel resistant to poisons.
It was a potion of curing.
Your system partially rejects the healing.
You feel better. The orc hits you with a +0 mace.
* * * LOW HITPOINT WARNING * * *
The orc hits you but does no damage.
It was a potion of brilliance.
You feel clever all of a sudden. The orc hits you with a +0 club.
You die...

####........# #.####.####.#
####........# #.#.......#.#
###.........#####.#.......#.#
##...###..##.......#.......#.#
#..### ##.##..##...(.†._.....#
..#######.##..##.###..†....###
####..........##.# #....†..#
.....###...##.##o###††..†..#
#######....##.So@..####.####
#.>#..##.s###......#
....##..##..# ######## .###
#...#..# . #.#.#..# #...#..#
#....).# #....#.# #....#.#


You could see a scorpion, 2 orcs and a ball python.

Vanquished Creatures
  An orc priest (D:3)
  3 adders
  A worm (D:3)
  2 dart slugs
  3 ball pythons
  8 endoplasms
  2 giant cockroaches
  8 goblins
  2 hobgoblins
  5 kobolds
  2 quokkas (D:2)
  4 bats
  A frilled lizard (D:1)
  5 rats
47 creatures vanquished.

Notes
Turn   | Place    | Note
-------+----------+-------------------------------------------
     0 | D:1      | Atelerd the Octopode Earth Elementalist began the quest for
                  | the Orb.
     0 | D:1      | Reached XP level 1. HP: 11/11 MP: 3/3
   256 | D:1      | Reached XP level 2. HP: 17/17 MP: 3/5
  1181 | D:2      | Reached XP level 3. HP: 21/21 MP: 4/6
  1638 | D:2      | Found a shimmering blue altar of Sif Muna.
  1776 | D:2      | Became a worshipper of Sif Muna the Loreminder
  1924 | D:2      | Reached XP level 4. HP: 16/27 MP: 4/8
  2114 | D:3      | Found a radiant altar of Vehumet.
  2356 | D:3      | Found a hide-covered altar of Uskayaw.
  2419 | D:3      | Noticed a scorpion
  2422 | D:3      | Reached skill level 4 in Earth Magic
  2428 | D:3      | HP: 1/27 [orc/+0 mace (6)]
  2429 | D:3      | Gained mutation: Potions are less effective at restoring
                  | your health. [potion of mutation]
  2429 | D:3      | Gained mutation: You are occasionally teleported next to
                  | monsters. [potion of mutation]
  2429 | D:3      | Gained mutation: Your system is resistant to poisons.
                  | (rPois) [potion of mutation]
  2431 | D:3      | Slain by an orc

Illustrated notes

Levels and vault maps discovered:
D:1:      lightli_arrival_statue_moat, layout_loops_ring, serial_aquarium,
          aquarium_bridge_straight [aquarium_subvault_bridge,
          aquarium_subvault_wall, aquarium_subvault_bridge,
          aquarium_subvault_wall], aquarium_bridge_square
          [aquarium_subvault_wall, aquarium_subvault_window,
          aquarium_subvault_bridge, aquarium_subvault_window],
          aquarium_window_fake, aquarium_window_1, aquarium_view_2e,
          bh_walls_and_bars
D:2:      layout_basic, basic_altar, patterned_corridor
D:3:      layout_rooms, nicolae_uskayaw_murder_on_the_dancefloor,
          mainiacjoe_overflow_catwalk, kennysheep_generic_room_10

Skill      XL: |  1  2  3  4 |
---------------+-------------+-----
Transmutations | 2 |  2.3
Spellcasting   | 3 |  3.1
Earth Magic    | 4 |  4.0
Dodging        | |  2.0
Stealth        | |  2.6

Action                     |  1- 3 |  4- 6 || total
---------------------------+-------+-------++-------
  Melee: Unarmed           |     9 |       ||     9
         Constrict         |     6 |     1 ||     7
         Dagger            |    25 |     5 ||    30
         Tentacles         |     6 |       ||     6
   Cast: Sandblast         |    35 |    15 ||    50
    Use: Potion            |       |     3 ||     3
   Stab: Sleeping          |     6 |     1 ||     7
 Armour: Skin              |     3 |     1 ||     4
  Dodge: Dodged            |    29 |     8 ||    37

Table legend: (Time is in decaauts)
 A = Elapsed time spent in this place.
 B = Non-inter-level travel time spent in this place.
 C = Inter-level travel time spent in this place.
 D = Time resting spent in this place.
 E = Time spent auto-exploring this place.
 F = Levels seen in this place.
 G = Mean time per level.
                   A        B        C        D        E       F      G
               +--------+--------+--------+--------+--------+-----+--------+
         Total |   2454 |   2427 |     27 |    119 |   1973 |   3 |  818.0 |
       Dungeon |   2454 |   2427 |     27 |    119 |   1973 |   3 |  818.0 |
               +--------+--------+--------+--------+--------+-----+--------+

Top non-repeatable levels by time:
     D:1: 1117 daAuts
     D:2: 976 daAuts
     D:3: 360 daAuts
